General information
			
			
        
        - name: BNet
 
        - type: Ladder team game (AT/RT)
 
        - host: Battle.net
 
        - saver: timG4strok
 
        
map: RiverOfSouls 
        - players: 6
 
        - length: 18:18
 
        - speed: Fast
 - version: 1.22 W3XP
 - replay type:  

 
» download(156 KB)
Players
        team 1 (winner) 
              
              
Rush[yyz] (
teal | 83 APM | 1512 actions | 18:17)
              
 3 Priestess of the Moon 
 1 Searing Arrows
 2 Trueshot Aura
 
                » actions 
                
                | Assign group hotkey | 25 |  | 
| Basic commands | 118 |  | 
| Build / train | 40 |  | 
| ESC pressed | 1 |  | 
| Enter build submenu | 14 |  | 
| Enter hero's abilities submenu | 3 |  | 
| Right click | 661 |  | 
| Select / deselect | 247 |  | 
| Select group hotkey | 329 |  | 
| Use ability | 74 |  | 
                1512 total
 » units 
                » buildings
                
                | Altar of Elders | 1 |  | 
| Moon Well | 4 |  | 
| Hunter's Hall | 1 |  | 
| Ancient of War | 4 |  | 
| Tree of Life | 1 |  | 
| Ancient Protector | 3 |  | 
                14 total
 » build order
                00:07 Altar of Elders
00:21 Moon Well
02:05 Hunter's Hall
02:07 Ancient of War
02:21 Ancient of War
02:29 Moon Well
03:33 Moon Well
04:33 Tree of Life
07:20 Ancient Protector
07:22 Ancient Protector
08:58 Ancient Protector
10:52 Ancient of War
11:20 Ancient of War
11:40 Moon Well
» items
                 
               
              
              
TALONSAREIMBA (
green | 107 APM | 1952 actions | 18:17)
              
 5 Death Knight 
 2 Death Coil
 3 Unholy Aura
 3 Lich 
 2 Frost Nova
 1 Dark Ritual
 2 Dreadlord 
 1 Sleep
 1 Carrion Swarm
 
                » actions 
                
                | Assign group hotkey | 18 |  | 
| Basic commands | 146 |  | 
| Build / train | 48 |  | 
| ESC pressed | 3 |  | 
| Enter build submenu | 16 |  | 
| Enter hero's abilities submenu | 10 |  | 
| Right click | 914 |  | 
| Select / deselect | 318 |  | 
| Select group hotkey | 406 |  | 
| Use ability | 73 |  | 
                1952 total
 » units 
                
                | Acolyte | 2 |  | 
| Ghoul | 2 |  | 
| Crypt Fiend | 11 |  | 
| Frost Wyrm | 4 |  | 
                19 total
 » upgrades
                
                | Burrow | 1 |  | 
| Creature Attack | 2 |  | 
| Web | 1 |  | 
                4 total
 » buildings
                
                | Crypt | 1 |  | 
| Graveyard | 1 |  | 
| Altar of Darkness | 1 |  | 
| Ziggurat | 7 |  | 
| Tomb of Relics | 4 |  | 
| Halls of the Dead | 1 |  | 
| Spirit Tower | 2 |  | 
| Black Citadel | 1 |  | 
| Sacrificial Pit | 1 |  | 
| Boneyard | 1 |  | 
                20 total
 » build order
                00:05 Crypt
00:15 Graveyard
00:30 Altar of Darkness
00:47 Ziggurat
01:01 Tomb of Relics
01:14 Tomb of Relics
01:55 Ziggurat
04:04 Ziggurat
04:36 Halls of the Dead
06:47 Ziggurat
08:27 Spirit Tower
08:40 Tomb of Relics
09:11 Black Citadel
10:45 Sacrificial Pit
11:00 Tomb of Relics
11:21 Spirit Tower
11:38 Boneyard
13:07 Ziggurat
16:06 Ziggurat
16:35 Ziggurat
» items
                
                | Rod of Necromancy | 2 |  | 
| Scroll of Town Portal | 5 |  | 
| Orb of Corruption | 1 |  | 
                8 total
  
               
              
              
» 
timG4strok (
pink | 166 APM | 3037 actions | 18:18)
              
 4 Demon Hunter 
 2 Mana Burn
 2 Evasion
 3 Keeper of the Grove 
 2 Entangling Roots
 1 Thorns Aura
 
                » actions 
                
                | Assign group hotkey | 29 |  | 
| Basic commands | 103 |  | 
| Build / train | 54 |  | 
| ESC pressed | 1 |  | 
| Enter build submenu | 15 |  | 
| Enter hero's abilities submenu | 8 |  | 
| Give item / drop item | 2 |  | 
| Right click | 1315 |  | 
| Select / deselect | 201 |  | 
| Select group hotkey | 1256 |  | 
| Use ability | 53 |  | 
                3037 total
 » units 
                
                | Wisp | 12 |  | 
| Huntress | 7 |  | 
| Druid of the Claw | 1 |  | 
| Druid of the Talon | 4 |  | 
| Dryad | 4 |  | 
                28 total
 » upgrades
                
                | Druid of the Claw Training | 2 |  | 
| Abolish Magic | 3 |  | 
| Druid of the Talon Training | 2 |  | 
                7 total
 » buildings
                
                | Altar of Elders | 1 |  | 
| Moon Well | 6 |  | 
| Hunter's Hall | 1 |  | 
| Ancient of War | 2 |  | 
| Ancient Protector | 1 |  | 
| Tree of Ages | 1 |  | 
| Ancient of Wonders | 1 |  | 
| Tree of Eternity | 1 |  | 
| Ancient of Wind | 1 |  | 
| Ancient of Lore | 2 |  | 
                17 total
 » build order
                00:03 Altar of Elders
00:18 Moon Well
01:21 Hunter's Hall
01:43 Ancient of War
02:04 Moon Well
02:18 Ancient of War
02:59 Ancient Protector
04:29 Moon Well
05:28 Tree of Ages
07:27 Ancient of Wonders
07:55 Tree of Eternity
07:57 Moon Well
09:49 Ancient of Wind
11:14 Ancient of Lore
11:24 Moon Well
12:04 Ancient of Lore
13:47 Moon Well
» items
                
                | Scroll of Town Portal | 2 |  | 
| Boots of Speed | 1 |  | 
| Staff of Teleportation | 1 |  | 
| Orb of Venom | 1 |  | 
| Staff of Preservation | 1 |  | 
                6 total
  
               team 2 (loser) 
              
              
beli (
blue | 137 APM | 2504 actions | 18:12)
              
 4 Beastmaster 
 2 Summon Quilbeast
 2 Summon Hawk
 
                » actions 
                
                | Assign group hotkey | 189 |  | 
| Basic commands | 131 |  | 
| Build / train | 73 |  | 
| ESC pressed | 2 |  | 
| Enter build submenu | 14 |  | 
| Enter hero's abilities submenu | 4 |  | 
| Right click | 817 |  | 
| Select / deselect | 391 |  | 
| Select group hotkey | 761 |  | 
| Use ability | 122 |  | 
                2504 total
 » units 
                
                | Peon | 8 |  | 
| Grunt | 23 |  | 
| Spirit Walker | 4 |  | 
                35 total
 » upgrades
                
                | Berserker Strength | 1 |  | 
| Armor | 3 |  | 
| Spirit Walker Training | 1 |  | 
| Melee Weapons | 2 |  | 
                7 total
 » buildings
                
                | Barracks | 1 |  | 
| Orc Burrow | 7 |  | 
| Altar of Storms | 1 |  | 
| Stronghold | 2 |  | 
| Voodoo Lounge | 2 |  | 
| War Mill | 1 |  | 
| Fortress | 2 |  | 
| Spirit Lodge | 1 |  | 
                17 total
 » build order
                00:19 Barracks
00:35 Orc Burrow
01:19 Altar of Storms
01:23 Orc Burrow
03:47 Stronghold
03:48 Stronghold
04:29 Voodoo Lounge
05:19 Orc Burrow
05:29 War Mill
06:43 Fortress
06:44 Fortress
07:10 Spirit Lodge
07:33 Orc Burrow
14:47 Voodoo Lounge
14:51 Orc Burrow
14:52 Orc Burrow
16:55 Orc Burrow
» items
                
                | Healing Salve | 4 |  | 
| Lesser Clarity Potion | 3 |  | 
| Scroll of Speed | 8 |  | 
| Scroll of Town Portal | 2 |  | 
| Scroll of Healing | 1 |  | 
| Scroll of Protection | 1 |  | 
                19 total
  
               
              
              
KiiiiNG-SprEE (
red | 101 APM | 1843 actions | 18:11)
              
 4 Dreadlord 
 2 Sleep
 2 Vampiric Aura
 
                » actions 
                
                | Assign group hotkey | 35 |  | 
| Basic commands | 175 |  | 
| Build / train | 48 |  | 
| ESC pressed | 2 |  | 
| Enter build submenu | 16 |  | 
| Enter hero's abilities submenu | 4 |  | 
| Right click | 593 |  | 
| Select / deselect | 335 |  | 
| Select group hotkey | 595 |  | 
| Use ability | 40 |  | 
                1843 total
 » units 
                
                | Acolyte | 2 |  | 
| Ghoul | 12 |  | 
| Crypt Fiend | 7 |  | 
| Obsidian Statue | 2 |  | 
| Frost Wyrm | 2 |  | 
                25 total
 » upgrades
                
                | Unholy Strength | 2 |  | 
| Creature Attack | 2 |  | 
| Freezing Breath | 1 |  | 
                5 total
 » buildings
                
                | Ziggurat | 6 |  | 
| Altar of Darkness | 1 |  | 
| Crypt | 3 |  | 
| Graveyard | 1 |  | 
| Halls of the Dead | 3 |  | 
| Slaughterhouse | 1 |  | 
| Tomb of Relics | 1 |  | 
| Black Citadel | 1 |  | 
| Sacrificial Pit | 1 |  | 
| Boneyard | 2 |  | 
                20 total
 » build order
                00:05 Ziggurat
00:06 Altar of Darkness
00:08 Crypt
00:11 Crypt
00:15 Crypt
00:21 Graveyard
00:28 Ziggurat
01:11 Ziggurat
01:49 Ziggurat
02:55 Halls of the Dead
02:55 Halls of the Dead
02:55 Halls of the Dead
05:24 Slaughterhouse
05:25 Tomb of Relics
08:17 Black Citadel
10:04 Sacrificial Pit
11:00 Boneyard
11:16 Boneyard
11:47 Ziggurat
11:50 Ziggurat
» items
                 
               
              
              
NiGHT-TiME (
orange | 61 APM | 1108 actions | 18:16)
              
 2 Beastmaster 
 1 Summon Quilbeast
 1 Summon Hawk
 
                » actions 
                
                | Assign group hotkey | 9 |  | 
| Basic commands | 95 |  | 
| Build / train | 16 |  | 
| ESC pressed | 6 |  | 
| Enter build submenu | 10 |  | 
| Enter hero's abilities submenu | 2 |  | 
| Right click | 648 |  | 
| Select / deselect | 126 |  | 
| Select group hotkey | 160 |  | 
| Use ability | 36 |  | 
                1108 total
 » units 
                » buildings
                
                | Altar of Elders | 1 |  | 
| Ancient of Wonders | 1 |  | 
| Moon Well | 2 |  | 
| Ancient of War | 2 |  | 
| Tree of Life | 2 |  | 
                8 total
 » build order
                00:50 Altar of Elders
02:20 Ancient of Wonders
02:50 Moon Well
04:38 Ancient of War
04:40 Ancient of War
05:08 Moon Well
06:57 Tree of Life
11:31 Tree of Life
 
                Chat log
          (00:38 / Allies) Rush[yyz]: ill potm
(01:18 / Allies) TALONSAREIMBA: lol nephews b-day
(01:24 / Allies) TALONSAREIMBA: in like an hour
(01:46 / Allies) TALONSAREIMBA: uh oh
(06:36 / All) timG4strok: nope
(06:43 / All) TALONSAREIMBA: dam
(07:06 / All) NiGHT-TiME: fags :D
(07:16 / All) KiiiiNG-SprEE: mhers
(07:17 / All) KiiiiNG-SprEE: mher
(07:23 / All) NiGHT-TiME: u butt loving monkey you!
(07:39 / All) NiGHT-TiME: nope
(17:59 / All) timG4strok: lmfao
(18:02 / All) timG4strok: no manner no skill
(18:04 / All) timG4strok: whats new
(18:13 / All) TALONSAREIMBA: dam
(18:14 / All) TALONSAREIMBA: fagz